 Dungeon Crawl Stone Soup version 0.26.1-2-gb8aa6d0cf2 (webtiles) character file.

Game seed: 2858654171573086334

170 theEndsummarily the Insei (level 5, -1/34 HPs)
             Began as an Octopode Transmuter on Feb 11, 2021.
             Was an Initiate of Ru.
             Slain by a scorpion (7 damage)
             ... on level 3 of the Dungeon.
             The game lasted 00:11:14 (3875 turns).

theEndsummarily the Insei (Octopode Transmuter)     Turns: 3875, Time: 00:11:15

Health: -1/34      AC:  1    Str:  9    XL:     5   Next: 51%
Magic:  9/9        EV: 14    Int: 17    God:    Ru [......]
Gold:   221        SH:  0    Dex: 12    Spells: 8/9 levels left

rFire    . . .     SeeInvis .     - Unarmed
rCold    . . .     Faith    .   (no shield)
rNeg     . . .     Spirit   .   (helmet restricted)
rPois    .         Reflect  .   (no amulet)
rElec    .         Harm     .   (no ring)
rCorr    .         Rampage  .   (no ring)
Will     .....                  (no ring)
Stlth    +++.......             (no ring)
HPRegen  0.11/turn              (no ring)
MPRegen  0.11/turn              (no ring)
                                (no ring)
                                (no ring)

@: brilliant, lethally poisoned (-1 -> -8)
A: almost no armour, stealthy swim, amphibious, 8 rings, constrict 8, camouflage
1, gelatinous body 1
a: Renounce Religion


You were on level 3 of the Dungeon.
You worshipped Ru.
Ru was noncommittal.
You visited 1 branch of the dungeon, and saw 4 of its levels.

You collected 221 gold pieces.

Inventory:

Missiles
 i - 4 poisoned darts
 j - 6 boomerangs
Scrolls
 a - a scroll of magic mapping
 b - a scroll of teleportation
 c - 2 scrolls of identify
 d - a scroll of fog
Potions
 h - a potion of resistance {unknown}
 m - a potion of heal wounds {unknown}


   Skills:
 + Level 2.1 Fighting
 + Level 2.7 Dodging
 + Level 2.5 Stealth
 + Level 3.8 Unarmed Combat
 + Level 2.7 Spellcasting
 + Level 2.9 Transmutations


You had 8 spell levels left.
You knew the following spells:

 Your Spells              Type           Power        Failure   Level
a - Beastly Appendage     Tmut           36%          5%          1

Your spell library contained the following spells:

 Spells                   Type           Power        Failure   Level
 Wereblood                Tmut           18%          9%          2
 Spider Form              Tmut/Pois      5%           30%         3
 Ice Form                 Ice/Tmut       10%          69%         4
 Blade Hands              Tmut           9%           83%         5


Dungeon Overview and Level Annotations

Branches:
Dungeon (4/15)
 Temple: D:4-7

Altars:
Dithmenos
Fedhas
Gozag
Hepliaklqana
Ru
Uskayaw
Vehumet
The Shining One

Annotations:
D:2 Sigmund
D:3 1 runed translucent door


Innate Abilities, Weirdness & Mutations

You cannot wear most types of armour.
You are very stealthy in the water. (Stealth+)
You are amphibious.
You can wear up to eight rings at the same time.
You can use your tentacles to constrict eight enemies at once.
Your skin changes colour to match your surroundings (Stealth+).
Your rubbery body absorbs attacks. (AC +1, EV +1)


Message History

You feel sick.
You are no longer poisoned.
There is an escape hatch in the floor here.
Press: ? - help, v - describe, . - travel
Here: an angel, wielding a +2 sacred scourge of holy wrath and wearing a +0 robe (wandering, hasn't noticed you, haloed, fire blocked by a translucent stone wall)
The floor.
The angel shouts!
You see here 22 stones.
There is an escape hatch in the floor here.
The scorpion stings you.
* * * LOW HITPOINT WARNING * * *
You are lethally poisoned!
The scorpion poisons you!
* * * LOW HITPOINT WARNING * * *
You feel sick.
It was a potion of brilliance.
You feel clever all of a sudden.
* * * LOW HITPOINT WARNING * * *
You feel sick. The scorpion stings you!
You die...

...#..# ##..♣#..###.........#.#
.#.##.#######..'..##.............
....#.....####♣#.###..........#.#
.#....###..####### #.............
...............# #..........#.#
###............# #.......>..... #
#...###......### #..........#.#
#...# #......s.# ##............
###...# ###.##.#@####......##....
......# #....†........#########
......# ####>.###....######
.##...# ###..##..........#
.##...# ##....##..........#
.##...# #..#.###..........#
.###### #.#.).##..........#
####### #.#...##..........#
....>.#####.#)..##...<†...<.#


You could see a scorpion.

Vanquished Creatures
  A hound (D:3)
  3 adders
  2 gnolls
  3 worms (D:2)
  2 dart slugs
  3 leopard geckos (D:2)
  4 orcs (D:3)
  2 ball pythons (D:3)
  2 giant cockroaches
  13 hobgoblins
  3 jackals (D:1)
  A quokka (D:2)
  7 bats
  5 frilled lizards
  8 goblins
  6 kobolds
  10 rats
75 creatures vanquished.

Notes
Turn   | Place    | Note
-------+----------+-------------------------------------------
     0 | D:1      | theEndsummarily the Octopode Transmuter began the quest for
                  | the Orb.
     0 | D:1      | Reached XP level 1. HP: 13/13 MP: 3/3
   276 | D:1      | Reached XP level 2. HP: 11/18 MP: 3/5
   653 | D:1      | Reached skill level 1 in Stealth
   653 | D:1      | Reached XP level 3. HP: 14/23 MP: 4/6
  1692 | D:2      | Reached XP level 4. HP: 24/28 MP: 7/7
  1735 | D:2      | Noticed Sigmund
  1815 | D:2      | Found a hazy altar of Hepliaklqana.
  2684 | D:3      | Found a blossoming altar of Fedhas.
  2882 | D:3      | Found a glowing golden altar of the Shining One.
  2882 | D:3      | Found a runed translucent door.
  2882 | D:3      | Noticed an angel
  3046 | D:3      | Reached XP level 5. HP: 24/34 MP: 8/8
  3310 | D:3      | Found a sacrificial altar of Ru.
  3316 | D:3      | Found an opulent altar of Gozag.
  3318 | D:3      | Found a hide-covered altar of Uskayaw.
  3320 | D:3      | Found a shadowy altar of Dithmenos.
  3321 | D:3      | Found a radiant altar of Vehumet.
  3332 | D:3      | Became a worshipper of Ru the Awakened
  3875 | D:3      | Slain by a scorpion

Illustrated notes

Levels and vault maps discovered:
D:1:      dpeg_arrival_three_same_balls, layout_basic
D:2:      layout_loops_ring, nzn_hepliaklqana_mist_gate, uniq_sigmund
D:3:      layout_rooms, minitemple, serial_glass, glass_columns_a,
          glass_columns_c, grunt_ministairs_8, lemuel_angel_altar
D:4:      layout_loops_ring, uniq_edmund, uniq_eustachio, uniq_blork_the_orc

Skill      XL: |  1  2  3  4  5 |
---------------+----------------+-----
Stealth        | 1 2 |  2.5
Fighting       | 2 |  2.1
Dodging        | |  2.7
Unarmed Combat | |  3.8
Spellcasting   | |  2.7
Transmutations | |  2.9

Action                   |  1- 3 |  4- 6 || total
-------------------------+-------+-------++-------
Melee: Unarmed           |    71 |   120 ||   191
       Constrict         |    19 |    28 ||    47
       Kick              |    10 |    16 ||    26
       Tentacles         |     9 |    15 ||    24
       Punch             |     1 |     1 ||     2
 Cast: Beastly Appendage |    13 |    15 ||    28
  Use: Scroll            |       |     7 ||     7
       Potion            |       |     1 ||     1
 Stab: Sleeping          |     4 |     7 ||    11
Armor: Skin              |     5 |    12 ||    17
Dodge: Dodged            |    47 |    81 ||   128
